 Dungeon Crawl Stone Soup version 0.29-a0-1009-g60c99734e7 (webtiles) character file.

Game seed: 10531890892279712030

53 drugrobin the Covered (level 3, 31/31 HPs)
             Began as a Demigod Fighter on Aug 9, 2022.
             Quit the game on level 2 of the Dungeon.
             The game lasted 00:02:51 (1498 turns).

drugrobin the Covered (Demigod Fighter)             Turns: 1498, Time: 00:02:52

Health: 31/31      AC:  7    Str: 21    XL:     3   Next: 42%
Magic:  5/5        EV: 10    Int: 10    God:
Gold:   33         SH:  4    Dex: 13    Spells: 2/2 levels left

rFire   + . .      SeeInvis .   a - +4 hand axe (vamp)
rCold   . . .      Faith    .   c - +0 buckler
rNeg    . . .      Spirit   .   g - +0 ring mail {rF+}
rPois   .          Reflect  .   (no helmet)
rElec   .          Harm     .   k - +1 cloak
rCorr   .          Rampage  .   (no gloves)
Will    .....                   (no boots)
Stlth   +.........              (no amulet)
HPRegen 0.10/turn               (no ring)
MPRegen 0.09/turn               (no ring)

@: no status effects
A: high MP 1, forlorn, divine attributes
a: no special abilities


You were on level 2 of the Dungeon.
You visited 1 branch of the dungeon, and saw 2 of its levels.

You collected 33 gold pieces.

Inventory:

Hand Weapons
 a - a +4 vampiric hand axe (weapon)
 l - a +0 war axe
Armour
 c - a +0 buckler (worn)
 g - a +0 ring mail of fire resistance (worn)
 k - a +1 cloak (worn)
 p - the +7 chain mail of Waptav {Drain rC+ rCorr Slay+6}
   (You found it on level 2 of the Dungeon)

   Slay:      It affects your accuracy & damage with ranged weapons and melee
   (+6).
   rC:        It protects you from cold.
   rCorr:     It protects you from acid and corrosion.
   Drain:     It drains your maximum health when unequipped.
Scrolls
 b - 2 scrolls of teleportation {unknown}
 e - a scroll of noise {unknown}
 f - 2 scrolls of identify {unknown}
 i - a scroll of silence {unknown}
 o - a scroll of enchant armour {unknown}
Potions
 d - a potion of might
 h - a potion of attraction {unknown}
 j - a potion of curing {unknown}
 m - a potion of flight {unknown}
 n - a potion of resistance {unknown}


   Skills:
 + Level 3.1 Fighting
 + Level 2.3 Axes
 + Level 3.2 Armour
 + Level 3.1 Shields


You had 2 spell levels left.
You didn't know any spells.
Your spell library contained the following spells:

 Spells                   Type           Power      Damage    Failure   Level
 Conjure Ball Lightning   Conj/Air       0%         3x3d6     100%        6
 Discord                  Hex            0%         N/A       100%        8
 Disjunction              Tloc           0%         N/A       100%        8


Dungeon Overview and Level Annotations

Branches:
Dungeon (2/15)


Innate Abilities, Weirdness & Mutations

You have an increased reservoir of magic. (+10% MP)
You shall have no god before yourself.
Your divine heritage dramatically boosts your attributes as you level up.


Message History

You kill the bat!
The worm bites you but does no damage.
You hit the worm.
The worm is lightly wounded.
The worm bites you.
You hit the worm.
You feel better.
The worm is moderately wounded.
You barely miss the worm.
The worm is moderately wounded.
You block the worm's attack.
You slash the worm!
The worm is severely wounded.
The worm bites you.
You hit the worm.
You feel better.
The worm is almost dead.
The worm bites you but does no damage.
You barely miss the worm.
The worm is severely wounded.
You hit the worm but do no damage.
The worm is severely wounded.
The worm bites you but does no damage.
You slash the worm!
You feel better.
You kill the worm!
A bat comes into view.
You see here a worm corpse.
Unknown command.
The bat hits you but does no damage. The bat hits you but does no damage.
You slash the bat!
You kill the bat!
Really wear
p - the +7 chain mail of Waptav {Drain rC+ rCorr Slay+6}?
Okay, then.
Unknown command.
Unknown command.
Unknown command.
Unknown command.
Unknown command.
Unknown command.
Unknown command.
Are you sure you want to abandon this character and quit the game? (Confirm with "yes".)

.. ###. #.. .##... #. ..#
...... .#. ..# ......
.... #.# #.... ..... #.#
#... .....####.## ###
###.#. ........@..###....
......
.....#..†..........##.###
.......†.†...............
....######.####### ..####
... #.# # . ###.### ##
#.....# #. #..<..# #.
#.....# #†


There were no monsters in sight!

Vanquished Creatures
  An adder (D:2)
  A worm (D:2)
  2 dart slugs (D:1)
  A ball python (D:2)
  3 endoplasms (D:1)
  5 goblins (D:1)
  6 hobgoblins
  5 bats
  2 frilled lizards (D:1)
  6 kobolds
  5 rats (D:1)
37 creatures vanquished.

Vanquished Creatures (others)
  17 plants (D:1)
17 creatures vanquished.

Grand Total: 54 creatures vanquished

Notes
Turn   | Place    | Note
-------+----------+-------------------------------------------
     0 | D:1      | drugrobin the Demigod Fighter began the quest for the Orb.
     0 | D:1      | Reached XP level 1. HP: 18/18 MP: 3/3
   139 | D:1      | Reached XP level 2. HP: 14/25 MP: 4/4
  1220 | D:1      | Reached XP level 3. HP: 31/31 MP: 5/5
  1339 | D:2      | Identified the +7 chain mail of Waptav {Drain rC+ rCorr
                  | Slay+6}
  1498 | D:2      | Quit the game

Illustrated notes

Levels and vault maps discovered:
D:1:      minmay_arrival_hallway, layout_loops_ring,
          dreamdust_ecumenical_altar_angels_and_demons, serial_bayou_lake_a
D:2:      layout_rooms, grunt_ministairs_3, minmay_misc_feat_rows,
          uniq_crazy_yiuf_cottage

Skill      XL: |  1  2 |
---------------+-------+-----
Axes           | 2 |  2.3
Armour         | 3 |  3.2
Fighting       | 3 |  3.1
Shields        | 3 |  3.1

Action                   || total
-------------------------++-------
Melee: War axe           ||    40
       Hand axe          ||    50
Armor: Ring mail         ||    41
Dodge: Dodged            ||    31
Block: Buckler           ||    11

Table legend: (Time is in decaauts)
 A = Elapsed time spent in this place.
 B = Non-inter-level travel time spent in this place.
 C = Inter-level travel time spent in this place.
 D = Time resting spent in this place.
 E = Time spent auto-exploring this place.
 F = Levels seen in this place.
 G = Mean time per level.
                   A        B        C        D        E       F      G
               +--------+--------+--------+--------+--------+-----+--------+
         Total |   1565 |   1517 |     48 |     53 |   1125 |   2 |  782.5 |
       Dungeon |   1565 |   1517 |     48 |     53 |   1125 |   2 |  782.5 |
               +--------+--------+--------+--------+--------+-----+--------+

Top non-repeatable levels by time:
     D:1: 1345 daAuts
     D:2: 220 daAuts
